 Dungeon Crawl Stone Soup version 0.26-a0-830-g2a559e7be2 (webtiles) character file.

Game seed: 4613257214638735448

25851 1994 the Basher (level 13, -3/141 HPs)
             Began as an Ogre Gladiator on Nov 15, 2020.
             Was a Believer of Uskayaw.
             Slain by a vampire mosquito (6 damage)
             ... on level 13 of the Dungeon.
             The game lasted 00:45:57 (25761 turns).

1994 the Basher (Ogre Gladiator)                   Turns: 25761, Time: 00:45:57

Health: -3/141     AC:  9    Str: 21    XL:     13   Next: 22%
Magic:  15/21      EV: 11    Int:  9    God:    Uskayaw [**....]
Gold:   768        SH:  0    Dex: 14    Spells: 12/12 levels left

rFire    . . .     SeeInvis .   a - +4 dire flail (vorpal)
rCold    + . .     Faith    .   (shield currently unavailable)
rNeg     . . .     Spirit   .   I - +2 robe {MR+}
rPois    .         Reflect  .   c - +1 hat
rElec    .         Harm     .   r - +2 cloak {Stlth+}
rCorr    .         Rampage  .   (gloves unavailable)
MR       ++...                  (boots unavailable)
Stlth    ..........             s - amulet of the acrobat
HPRegen  0.33/turn              J - ring of protection from cold
MPRegen  0.17/turn              S - ring of attention (curse)

@: no status effects
A: large, unfitting armour, tough skin 1
a: Stomp, Line Pass, Renounce Religion


You were on level 13 of the Dungeon.
You worshipped Uskayaw.
Uskayaw was aware of your devotion.
You visited 2 branches of the dungeon, and saw 14 of its levels.
You also visited: Ossuary.

You collected 768 gold pieces.

Inventory:

Hand Weapons
 a - a +4 vorpal dire flail (weapon)
 b - the +4 flail "Oceu" {venom, rF++ Int-5}
   (You took it off an orc wizard on level 9 of the Dungeon)

   It poisons the flesh of those it strikes.
   It affects your intelligence (-5).
   It greatly protects you from fire.
 E - a +0 giant club
 U - a +3 giant spiked club
Missiles
 d - a throwing net
 g - 527 stones
 q - 97 poisoned darts
 w - 7 boomerangs (quivered)
 G - 5 atropa-tipped darts
 Q - 2 boomerangs of dispersal
 T - 3 large rocks
Armour
 c - a +1 hat (worn)
 r - a +2 cloak of stealth (worn)
 I - a +2 robe of magic resistance (worn)
 O - a +2 robe of cold resistance
Jewellery
 e - an uncursed ring of flight
 o - an uncursed ring of magical power
 s - an amulet of the acrobat (around neck)
 J - a ring of protection from cold (left hand)
 N - an uncursed ring of ice
 S - a cursed ring of attention (right hand)
 V - an uncursed ring of see invisible
Wands
 x - a wand of flame (18)
 y - a wand of iceblast (25)
 C - a wand of disintegration (8)
 R - a wand of random effects (13)
Scrolls
 f - 8 scrolls of identify
 k - 2 scrolls of fear
 m - 7 scrolls of teleportation
 u - a scroll of blinking {unknown}
 A - a scroll of fog
 D - a scroll of silence {unknown}
 F - 8 scrolls of magic mapping
 H - a scroll of remove curse
 P - a scroll of brand weapon {unknown}
Potions
 i - 4 potions of curing
 j - 2 potions of flight
 l - 4 potions of haste
 n - 3 potions of attraction
 p - 12 potions of ambrosia
 t - 4 potions of heal wounds
 v - 2 potions of berserk rage
 z - a potion of lignification
 B - 3 potions of might
 K - a potion of invisibility
 W - a potion of magic {unknown}
Miscellaneous
 h - a box of beasts
 L - a phantom mirror
 M - a condenser vane (inert)


   Skills:
 + Level 12.6 Fighting
 * Level 12.8 Maces & Flails
 + Level 10.1 Throwing
 - Level 3.2 Dodging
 + Level 10.8 Invocations


You had 12 spell levels left.
You didn't know any spells.
Your spell library contained the following spells:

 Spells                   Type           Power        Failure   Level
 Animate Skeleton         Necr           #.....       38%         1
 Apportation              Tloc           #.....       38%         1
 Corona                   Hex            #......      38%         1
 Summon Small Mammal      Summ           #...         38%         1
 Call Imp                 Summ           #.......     52%         2
 Call Canine Familiar     Summ           #.......     77%         3
 Summon Guardian Golem    Hex/Summ       #.......     77%         3
 Cause Fear               Hex            #.........   99%         4
 Summon Ice Beast         Ice/Summ       #.......     99%         4
 Summon Lightning Spire   Summ/Air       #.......     99%         4
 Bolt of Magma            Conj/Fire/Erth #.........   100%        5
 Iskenderun's Battlesphe  Conj           #.......     100%        5
 Silence                  Hex/Air        #.........   100%        5
 Yara's Violent Unravell  Hex/Tmut       #.........   100%        5
 Iron Shot                Conj/Erth      #.........   100%        6
 Orb of Destruction       Conj           #.........   100%        7
 Spellforged Servitor     Conj/Summ      #.........   100%        7
 Discord                  Hex            #.........   100%        8


Dungeon Overview and Level Annotations

Branches:
Dungeon (13/15)            Temple (1/1) D:4            Lair (0/6) D:10
    Orc (0/2) D:10        Ossuary (visited)
 Vaults: D:13-14

Altars:
Ashenzari
Cheibriados
Dithmenos
Elyvilon
Fedhas
Gozag
Hepliaklqana
Kikubaaqudgha
Makhleb
Nemelex Xobeh
Okawaru
Qazlal
Ru
Sif Muna
Trog
Uskayaw
Vehumet
Wu Jian
Xom
Yredelemnul
Zin
The Shining One

Portals:
Abyss: D:9

Annotations:
D:3 exclusion: upstairs


Innate Abilities, Weirdness & Mutations

You are too large for most types of armour.
You have tough skin. (AC +1)


Message History

You kill the big kobold!
The vampire mosquito is moderately damaged.
The vampire mosquito bites you.
* * * LOW HITPOINT WARNING * * *
The vampire mosquito draws strength from your injuries!
The vampire mosquito bites you!
* * * LOW HITPOINT WARNING * * *
The vampire mosquito draws strength from your injuries!
The vampire mosquito bites you but does no damage.
The centaur warrior skeleton hits you.
* * * LOW HITPOINT WARNING * * *
The vampire mosquito bites you!
* * * LOW HITPOINT WARNING * * *
The vampire mosquito draws strength from your injuries!
The vampire mosquito closely misses you.
The vampire mosquito bites you!
* * * LOW HITPOINT WARNING * * *
The vampire mosquito draws strength from your injuries!
The vampire mosquito bites you.
You die...

F..............
...................
...................
#.................
#.... #..........
#....###.......>.
##?....#..<.......
##....yyy..........
......Z@y..........
......).)..........
............(....(.
...................
............(.#..).
.............###)..
..............# ..
.....!.........


You could see 4 vampire mosquitoes and a centaur warrior skeleton.

Vanquished Creatures
  Rupert (D:12)
  Josephine (D:10)
  Fannar (D:10)
  Erica (D:8)
  3 two-headed ogres
  2 tengu warriors (D:9)
  An unseen horror (D:9)
  2 ugly things (D:9)
  A deep elf mage (D:12)
  Maurice (D:8)
  A rust devil (D:9)
  Psyche (D:8)
  A gargoyle (D:10)
  An orange demon (D:9)
  Maggie (D:8)
  A queen bee (D:11)
  A red devil (D:9)
  3 meliai (D:11)
  A tengu conjurer (D:9)
  A troll (D:10)
  Grinder (D:4)
  Prince Ribbit (D:7)
  A hornet (D:9)
  13 yaks
  2 wyverns
  5 wraiths
  A steam dragon (D:11)
  Grum (D:8)
  Edmund (D:4)
  3 wargs (D:10)
  Menkaure (D:6)
  A soldier ant (D:11)
  A water moccasin (D:10)
  4 orc warriors
  8 ice beasts
  2 ogres
  6 sky beasts
  A necrophage (D:9)
  4 phantoms
  4 wolves (D:8)
  5 centaurs
  4 big kobolds
  15 bullfrogs
  A wyvern zombie (D:10)
  5 scorpions
  27 killer bees
  9 wights (D:10)
  4 howler monkeys
  2 centaur zombies
  2 bullfrog zombies
  8 hounds
  2 quasits
  11 orc priests
  6 jellies
  2 centaur skeletons
  22 orc wizards
  An iguana (D:11)
  8 iron imps (D:9)
  9 worker ants
  2 hound zombies (D:3)
  A hound skeleton (D:7)
  A mummy (Ossuary)
  A howler monkey zombie (D:8)
  2 worker ant zombies (D:3)
  3 gnolls (D:8)
  12 adders
  2 shadow imps
  A white imp (D:9)
  3 oozes (D:3)
  4 adder skeletons
  3 adder zombies
  2 worms
  A dart slug (D:1)
  6 leopard geckos
  56 orcs
  7 bats
  7 giant cockroaches
  4 goblins
  6 hobgoblins
  14 jackals
  7 quokkas
  A ball python (D:3)
  5 frilled lizards
  2 gnoll skeletons (Ossuary)
  2 goblin zombies (D:8)
  A jackal skeleton (D:3)
  24 kobolds
  7 kobold skeletons (Ossuary)
  A leopard gecko skeleton (D:5)
  16 orc skeletons (Ossuary)
  7 rats
441 creatures vanquished.

Vanquished Creatures (others)
  An orc wizard (D:11)
  A worker ant (D:11)
  An orc (D:11)
  2 withered plants (D:3)
5 creatures vanquished.

Grand Total: 446 creatures vanquished

Notes
Turn   | Place    | Note
-------+----------+-------------------------------------------
     0 | D:1      | 1994 the Ogre Gladiator began the quest for the Orb.
     0 | D:1      | Reached XP level 1. HP: 22/22 MP: 1/1
   296 | D:1      | Reached XP level 2. HP: 24/29 MP: 2/2
  1331 | D:2      | Reached XP level 3. HP: 34/37 MP: 3/3
  1438 | D:2      | Found a hazy altar of Hepliaklqana.
  1792 | D:2      | Found a stormy altar of Qazlal.
  2268 | D:2      | Reached XP level 4. HP: 16/45 MP: 4/4
  3552 | D:3      | Reached XP level 5. HP: 25/54 MP: 5/5
  3717 | D:2      | Found a hazy altar of Hepliaklqana.
  4471 | D:3      | Reached XP level 6. HP: 56/62 MP: 6/6
  4849 | D:3      | Found a glowing silver altar of Zin.
  4851 | D:3      | Found a glowing golden altar of the Shining One.
  4854 | D:3      | Found an ornate altar of the Wu Jian Council.
  5436 | D:4      | Found a staircase to the Ecumenical Temple.
  5451 | Temple   | Entered the Ecumenical Temple
  5458 | Temple   | Became a worshipper of Uskayaw the Reveller
  5896 | D:4      | Reached * piety under Uskayaw
  5902 | D:4      | Reached ** piety under Uskayaw
  6165 | D:4      | Reached *** piety under Uskayaw
  6379 | D:4      | Noticed Grinder
  6383 | D:4      | Paralysed by Grinder for 6 turns
  6407 | D:4      | Killed Grinder
  6408 | D:4      | Reached skill level 5 in Fighting
  6408 | D:4      | Reached skill level 5 in Maces & Flails
  6408 | D:4      | Reached XP level 7. HP: 42/72 MP: 7/7
  6907 | D:4      | Found a shimmering blue altar of Sif Muna.
  6969 | D:5      | Entered Level 5 of the Dungeon
  7650 | D:5      | Reached XP level 8. HP: 32/83 MP: 8/8
  8296 | D:5      | Noticed Edmund
  8494 | D:4      | Found a staircase to the Ecumenical Temple.
  8546 | D:4      | Killed Edmund
  8547 | D:4      | Reached skill level 5 in Throwing
  9076 | D:6      | Noticed Menkaure
  9084 | D:6      | Killed Menkaure
  9953 | D:7      | Reached XP level 9. HP: 86/93 MP: 9/9
 10772 | D:7      | Noticed Prince Ribbit
 10782 | D:7      | Killed Prince Ribbit
 11400 | D:7      | Found a shadowy altar of Dithmenos.
 12023 | D:7      | Found a shadowy altar of Dithmenos.
 12452 | D:7      | Found a shadowy altar of Dithmenos.
 12555 | D:8      | Noticed Grum
 12557 | D:8      | Reached skill level 1 in Invocations
 12558 | D:8      | HP: 3/97 [phantom (3)]
 12988 | D:8      | Found a sand-covered staircase.
 12996 | Ossuary  | Entered an ossuary
 13497 | D:8      | Reached XP level 10. HP: 86/107 MP: 11/11
 13829 | D:8      | HP: 2/107 [Grum/+0 glaive (16)]
 14161 | D:8      | Killed Grum
 14278 | D:8      | Noticed Maggie
 14286 | D:8      | Reached **** piety under Uskayaw
 14287 | D:8      | Killed Maggie
 14596 | D:8      | Noticed Erica
 14606 | D:8      | Killed Erica
 14813 | D:8      | Noticed Psyche
 14828 | D:8      | Killed Psyche
 14829 | D:8      | Reached skill level 5 in Invocations
 14997 | D:8      | Found a sparkling altar of Nemelex Xobeh.
 15090 | D:8      | Noticed Maurice
 15099 | D:8      | Killed Maurice
 15100 | D:8      | Reached skill level 10 in Maces & Flails
 15388 | D:9      | Found a one-way gate to the infinite horrors of the Abyss.
 15388 | D:9      | Noticed an orange demon
 15389 | D:9      | Noticed a rust devil
 15414 | D:9      | Reached skill level 10 in Fighting
 15509 | D:9      | Killed an orange demon
 15512 | D:9      | Reached ***** piety under Uskayaw
 15560 | D:9      | Reached XP level 11. HP: 117/117 MP: 15/15
 15957 | D:9      | Noticed a red ugly thing
 15989 | D:9      | Killed a white ugly thing
 16526 | D:9      | Paralysed by a hornet for 3 turns
 16925 | D:9      | Identified the +4 flail "Oceu" {venom, rF++ Int-5}
 17020 | D:9      | Noticed a tengu warrior
 17020 | D:9      | Noticed a cyan ugly thing
 17021 | D:9      | Noticed a tengu warrior
 17040 | D:9      | Killed a tengu warrior
 17049 | D:9      | HP: 2/119 [tengu warrior/cursed -2 halberd (5)]
 17721 | D:9      | Killed a cyan ugly thing
 18129 | D:9      | Killed a tengu warrior
 18133 | D:9      | Killed an unseen horror
 18380 | D:10     | Entered Level 10 of the Dungeon
 18901 | D:10     | Noticed Fannar
 18915 | D:10     | Killed Fannar
 18916 | D:10     | Reached XP level 12. HP: 106/130 MP: 18/18
 19035 | D:10     | Noticed Josephine
 19053 | D:10     | Killed Josephine
 20086 | D:10     | Found a staircase to the Orcish Mines.
 20099 | D:10     | Found a staircase to the Lair.
 21561 | D:11     | Noticed a two-headed ogre
 21572 | D:11     | Killed a two-headed ogre
 21573 | D:11     | Reached skill level 10 in Invocations
 23605 | D:11     | HP: 5/132 [meliai/+0 broad axe (16)]
 24408 | D:12     | Noticed a two-headed ogre
 24423 | D:12     | Killed a two-headed ogre
 24602 | D:12     | Noticed a two-headed ogre
 24616 | D:12     | Killed a two-headed ogre
 24617 | D:12     | Reached XP level 13. HP: 99/141 MP: 20/20
 24822 | D:12     | Noticed Rupert
 24842 | D:12     | Killed Rupert
 24843 | D:12     | Reached skill level 10 in Throwing
 25761 | D:13     | HP: 3/141 [vampire mosquito (8)]
 25761 | D:13     | Slain by a vampire mosquito

Illustrated notes

Levels and vault maps discovered:
D:1:      matt_arrival_refuge, layout_basic
D:2:      lemuel_upstairs_altar, layout_loops_corners, grunt_qazlal_clouds,
          lemuel_coloured_pillars_altar, kennysheep_another_room,
          dk_noncrumbling_3
D:3:      layout_loops_cross, grunt_temple_overflow_open, serial_undead,
          serial_undead_f, serial_undead_a, serial_undead_e, serial_undead_c,
          serial_undead_a, serial_undead_d, kennysheep_minor_cross
D:4:      layout_basic, marbit_many_paths, temple_pool_b, uniq_grinder
D:5:      layout_rooms, minmay_misc_feat_iff, uniq_edmund
D:6:      layout_rooms, minmay_misc_feat_four_crosses, uniq_menkaure
D:7:      minmay_general_purpose_star, layout_cave_pools, kennysheep_mini_moat,
          uniq_prince_ribbit1
D:8:      layout_gridville, enter_ossuary_3, roderic_roman_lattice,
          nemelex_lonely_heart_becter, uniq_psyche, uniq_erica, uniq_maggie,
          uniq_maurice, uniq_grum
D:9:      minmay_the_grid_octo_tiled_octocenter [minmay_the_grid_octo_focus,
          minmay_the_grid_octo_fat_diamond, minmay_the_grid_octo_checkered,
          minmay_the_grid_octo_teeth,
          minmay_the_grid_octo_prize_ultimate_mussel_roller,
          minmay_the_grid_square_5x5_shuriken,
          minmay_the_grid_square_5x5_minibox, minmay_the_grid_square_5x5_two,
          minmay_the_grid_square_5x5_two_small], layout_cave_pools,
          lemuel_hellish_altar
D:10:     layout_layer_cave, erik_lair_orcish_takeover, orc_0_dummy,
          uniq_josephine, uniq_fannar
D:11:     layout_loops_ring
D:12:     layout_basic, special_room [special_room_bee],
          chequers_serial_rivers_micro_b, uniq_rupert
D:13:     layout_big_octagon, david_vaults_3, kennysheep_generic_room_13
Temple:   nicolae_temple_no_exploring_needed

Skill      XL: |  1  2  3  4  5  6  7  8  9 10 11 12 13 |
---------------+----------------------------------------+-----
Fighting       | 3 4 5 6 7 9 10 11 12 | 12.6
Maces & Flails | 3 4 5 6 7 9 10 11 12 | 12.8
Dodging        | 3 |  3.2
Throwing       | 3 4 5 6 7 8 9 10 | 10.1
Invocations    | 2 6 8 10 | 10.8

Action                   |  1- 3 |  4- 6 |  7- 9 | 10-12 | 13-15 || total
-------------------------+-------+-------+-------+-------+-------++-------
Melee: Whip              |   192 |   315 |   122 |       |       ||   629
       Flail             |    16 |    15 |    12 |    15 |       ||    58
       Dire flail        |       |       |   151 |   632 |    62 ||   845
       Unarmed           |       |       |       |    13 |       ||    13
Throw: Stone             |     9 |       |    20 |   146 |       ||   175
       Dart              |       |     4 |    17 |     8 |       ||    29
       Throwing net      |       |     4 |       |       |       ||     4
       Boomerang         |       |       |       |    16 |     5 ||    21
Invok: Stomp             |       |       |     6 |    19 |     3 ||    28
       Line Pass         |       |       |       |     3 |     4 ||     7
 Abil: Evoke Flight      |       |       |       |     2 |       ||     2
Evoke: Wand              |       |       |     3 |     4 |       ||     7
       Condenser vane    |       |       |       |     1 |       ||     1
  Use: Scroll            |       |     7 |    10 |    10 |     1 ||    28
       Potion            |       |       |     1 |     4 |       ||     5
 Stab: Sleeping          |     2 |       |     2 |     1 |       ||     5
       Paralysed         |       |       |     1 |    39 |     6 ||    46
       Distracted        |       |       |     1 |     1 |       ||     2
Armor: Robe              |    67 |    71 |    54 |   197 |    15 ||   404
       Skin              |       |       |       |     2 |       ||     2
       Steam dragon scal |       |       |       |     1 |       ||     1
Dodge: Dodged            |   110 |   159 |   187 |   421 |    46 ||   923

Table legend: (Time is in decaauts)
 A = Elapsed time spent in this place.
 B = Non-inter-level travel time spent in this place.
 C = Inter-level travel time spent in this place.
 D = Time resting spent in this place.
 E = Time spent auto-exploring this place.
 F = Levels seen in this place.
 G = Mean time per level.
                   A        B        C        D        E       F      G
               +--------+--------+--------+--------+--------+-----+--------+
         Total |  25504 |  24480 |   1024 |  12079 |   7767 |  15 | 1700.3 |
       Dungeon |  25023 |  23999 |   1024 |  11801 |   7712 |  13 | 1924.8 |
        Temple |     14 |     14 |      0 |      0 |      0 |   1 |   14.0 |
       Ossuary |    465 |    465 |      0 |    278 |     55 |   1 |  465.0 |
               +--------+--------+--------+--------+--------+-----+--------+

Top non-repeatable levels by time:
    D:11: 3425 daAuts
     D:7: 3260 daAuts
     D:9: 2942 daAuts
     D:4: 2473 daAuts
    D:10: 2195 daAuts
     D:3: 2102 daAuts
     D:2: 1998 daAuts
    D:12: 1662 daAuts
     D:8: 1342 daAuts
     D:1: 1287 daAuts
     D:6: 1176 daAuts
     D:5: 1145 daAuts
 Ossuary: 465 daAuts
  Temple: 14 daAuts
    D:13: 12 daAuts
